 Dungeon Crawl Stone Soup version 0.25-a0-842-g81a31cfd23 (webtiles) character file.

Game seed: 1889330655271498813, levelgen mode: deterministic

4059 Error4North the Cleaver (level 10, 0/88 HPs)
             Began as a Hill Orc Fighter on Apr 24, 2020.
             Was a Believer of Okawaru.
             Slain by a cyan ugly thing (14 damage)
             ... on level 11 of the Dungeon.
             The game lasted 00:25:08 (8103 turns).

Error4North the Cleaver (Hill Orc Fighter)          Turns: 8103, Time: 00:25:08

Health: 0/88       AC: 25    Str: 19    XL:     10   Next: 25%
Magic:  2/4        EV: 10    Int: 12    God:    Okawaru [**....]
Gold:   536        SH: 12    Dex: 10    Spells: 9/9 levels left

rFire    + . .     SeeInvis +   d - +0 war axe (antimagic)
rCold    . . .     Gourm    .   c - +0 kite shield
rNeg     . . .     Faith    .   t - +9 chain mail of Asceticism {rF+ Str-4 Int+4 Slay+3}
rPois    .         Spirit   .   (no helmet)
rElec    .         Reflect  .   z - +0 cloak
rCorr    .         Harm     .   (no gloves)
MR       .....                  p - +0 pair of boots
Stlth    +.........             (no amulet)
HPRegen  0.24/turn              i - ring of see invisible
MPRegen  0.09/turn              m - ring of stealth

@: heroism, hasted, very quick
A: no striking features
a: Heroism, Renounce Religion


You were on level 11 of the Dungeon.
You worshipped Okawaru.
Okawaru was pleased with you.
You were hungry.

You visited 2 branches of the dungeon, and saw 12 of its levels.

You collected 536 gold pieces.

Inventory:

Hand Weapons
 d - a +0 antimagic war axe (weapon)
Missiles
 w - 11 boomerangs (quivered)
Armour
 c - a +0 kite shield (worn)
 p - a +0 pair of boots (worn)
 t - the +9 chain mail of Asceticism (worn) {rF+ Str-4 Int+4 Slay+3}
   (You found it on level 5 of the Dungeon)

   It affects your strength (-4).
   It affects your intelligence (+4).
   It affects your accuracy and damage with ranged weapons and melee attacks
   (+3).
   It protects you from fire.
 z - a +0 cloak (worn)
Jewellery
 i - a ring of see invisible (left hand)
 m - a ring of stealth (right hand)
Wands
 b - a wand of acid (11)
 e - a wand of random effects (11)
Scrolls
 g - 4 scrolls of remove curse {unknown}
 h - 4 scrolls of teleportation
 j - 2 scrolls of enchant weapon {unknown}
 k - 5 scrolls of identify
 l - 3 scrolls of magic mapping {unknown}
 o - a scroll of noise {unknown}
 r - a scroll of fog {unknown}
 u - a scroll of immolation {unknown}
 v - a scroll of random uselessness {unknown}
 y - a scroll of enchant armour {unknown}
Potions
 a - a potion of resistance {unknown}
 q - 2 potions of stabbing {unknown}
 x - a potion of flight {unknown}
 B - 2 potions of might
 C - a potion of degeneration {unknown}
 D - a potion of cancellation
Comestibles
 f - 5 rations


   Skills:
 * Level 7.8(12.8) Fighting
 + Level 10.0(15.0) Axes
 + Level 0.1(5.1) Throwing
 * Level 8.3(13.3) Armour
 + Level 1.8(6.8) Dodging
 + Level 1.0(6.0) Stealth
 * Level 8.0(13.0) Shields
 * Level 3.1 Invocations
 * Level 3.4 Evocations


You had 9 spell levels left.
You didn't know any spells.
Your spell library contained the following spells:

 Spells                   Type           Power        Failure   Level  Hunger
 Beastly Appendage        Tmut           #.....       95%         1    ##.....
 Freeze                   Ice            #...         95%         1    ##.....
 Sticks to Snakes         Tmut           #.......     99%         2    ###....
 Confusing Touch          Hex            #.......     100%        3    ####...
 Frozen Ramparts          Ice            #.....       100%        3    ####...
 Gell's Gravitas          Tloc           #.........   100%        3    ####...
 Ozocubu's Armour         Chrm/Ice       #.......     100%        3    ####...
 Spider Form              Tmut/Pois      #.........   100%        3    ####...
 Hailstorm                Conj/Ice       #.......     100%        4    #####..
 Ice Form                 Ice/Tmut       #.......     100%        4    #####..
 Petrify                  Tmut/Erth      #.......     100%        4    #####..
 Summon Ice Beast         Ice/Summ       #.......     100%        4    #####..
 Blade Hands              Tmut           #.........   100%        5    ######.
 Metabolic Englaciation   Hex/Ice        #.........   100%        5    ######.
 Yara's Violent Unravell  Hex/Tmut       #.........   100%        5    ######.


Dungeon Overview and Level Annotations

Branches:
Dungeon (12/15)            Temple (1/1) D:6            Lair (0/6) D:9
    Orc: D:9-12

Altars:
Cheibriados
Dithmenos
Elyvilon
Fedhas
Gozag
Hepliaklqana
Kikubaaqudgha
Makhleb
Nemelex Xobeh
Okawaru
Qazlal
Ru
Sif Muna
Trog
Uskayaw
Wu Jian
Xom
Yredelemnul
Zin
The Shining One


Message History

You hit the cyan ugly thing.
The cyan ugly thing is lightly wounded.
You block the cyan ugly thing's attack.
You slash the cyan ugly thing!
The cyan ugly thing is lightly wounded.
The cyan ugly thing tentacle-slaps you but does no damage.
You barely miss the cyan ugly thing.
The cyan ugly thing is lightly wounded.
The cyan ugly thing tentacle-slaps you.
* * * LOW HITPOINT WARNING * * *
The cyan ugly thing shocks you!
* * * LOW HITPOINT WARNING * * *
It was a potion of haste.
You feel yourself speed up. You block the cyan ugly thing's attack.
You closely miss the cyan ugly thing.
The cyan ugly thing is lightly wounded.
You feel better. The cyan ugly thing tentacle-slaps you.
* * * LOW HITPOINT WARNING * * *
The cyan ugly thing shocks you!
You die...

#........#
#........#
........# .......
..... ... #'#
#@## #u.# ####'##
#.....# ####+##
#.....####
.......
#.....'....
.......
#.....#####
..l.... #.....#
.....$.####.....#


You could see a cyan ugly thing.

Vanquished Creatures
  2 hungry ghosts
  2 sky beasts
  3 orc warriors
  An ice beast (D:7)
  6 ogres
  3 phantoms
  3 centaurs
  A big kobold (D:9)
  3 bullfrogs
  4 scorpions
  3 killer bees (D:9)
  6 crimson imps
  A centaur zombie (D:5)
  2 howler monkeys
  A bullfrog zombie (D:8)
  2 jellies
  7 orc priests
  9 orc wizards
  A centaur skeleton (D:4)
  5 hounds
  An iguana (D:6)
  8 worker ants
  2 worker ant zombies
  7 gnolls
  15 adders
  A howler monkey skeleton (D:8)
  2 shadow imps
  An ooze (D:7)
  An adder skeleton (D:6)
  2 worms
  2 dart slugs
  4 leopard geckos
  42 orcs
  6 giant cockroaches
  7 goblins
  7 hobgoblins
  8 jackals
  9 kobolds
  2 quokkas
  A ball python (D:3)
  5 bats
  3 frilled lizards (D:2)
  A jackal zombie (D:5)
  A leopard gecko skeleton (D:2)
  A leopard gecko zombie (D:5)
  3 rats
207 creatures vanquished.

Notes
Turn   | Place    | Note
-------+----------+-------------------------------------------
     0 | D:1      | Error4North the Hill Orc Fighter began the quest for the
                  | Orb.
     0 | D:1      | Reached XP level 1. HP: 19/19 MP: 1/1
   180 | D:1      | Reached XP level 2. HP: 27/27 MP: 2/2
   645 | D:2      | Reached XP level 3. HP: 33/33 MP: 3/3
   746 | D:2      | Reached XP level 4. HP: 40/40 MP: 4/4
   796 | D:2      | Reached skill level 3 in Axes
   825 | D:2      | You fall into a shaft and drop 2 floors!
   832 | D:4      | Noticed an ogre
   834 | D:4      | Found an opulent altar of Gozag.
   873 | D:4      | Noticed a phantom
   910 | D:3      | Reached XP level 5. HP: 41/47 MP: 5/5
  1191 | D:3      | Reached skill level 4 in Axes
  1334 | D:2      | Reached XP level 6. HP: 51/53 MP: 6/6
  1381 | D:2      | Reached skill level 5 in Shields
  1657 | D:2      | Reached skill level 5 in Fighting
  2442 | D:3      | Reached skill level 5 in Axes
  2699 | D:4      | Reached XP level 7. HP: 59/61 MP: 7/7
  2799 | D:4      | Reached skill level 5 in Armour
  2799 | D:4      | Reached skill level 1 in Dodging
  3119 | D:4      | HP: 1/61 [ogre/+0 giant club (14)]
  3398 | D:4      | Reached skill level 6 in Axes
  3545 | D:4      | Reached XP level 8. HP: 70/70 MP: 8/8
  4129 | D:5      | Entered Level 5 of the Dungeon
  4169 | D:5      | Found a stormy altar of Qazlal.
  4184 | D:5      | Got a spiked chain mail
  4186 | D:5      | Identified the +9 chain mail of Asceticism {rF+ Str-4 Int+4
                  | Slay+3} (You found it on level 5 of the Dungeon)
  4397 | D:5      | Found a stormy altar of Qazlal.
  4401 | D:5      | Found a blossoming altar of Fedhas.
  5089 | D:6      | Reached skill level 1 in Evocations
  5104 | D:6      | Reached skill level 7 in Axes
  5205 | D:6      | Found a staircase to the Ecumenical Temple.
  5214 | Temple   | Entered the Ecumenical Temple
  5417 | Temple   | Became a worshipper of Warmaster Okawaru
  6085 | D:6      | Found a basalt altar of Yredelemnul.
  6172 | D:6      | Reached skill level 8 in Axes
  6249 | D:7      | Reached XP level 9. HP: 58/78 MP: 3/10
  6399 | D:7      | Paralysed by fainting for 10 turns
  6427 | D:7      | Reached * piety under Okawaru
  6583 | D:7      | Found a shadowy altar of Dithmenos.
  6615 | D:7      | Reached skill level 9 in Axes
  6648 | D:7      | Reached skill level 1 in Stealth
  6656 | D:7      | Reached ** piety under Okawaru
  6809 | D:7      | Reached skill level 1 in Invocations
  7275 | D:8      | Paralysed by fainting for 12 turns
  7351 | D:8      | Found a glowing silver altar of Zin.
  7462 | D:8      | Reached XP level 10. HP: 88/88 MP: 4/12
  7703 | D:9      | Reached skill level 10 in Axes
  7742 | D:9      | Reached *** piety under Okawaru
  8000 | D:9      | Found a staircase to the Lair.
  8050 | D:9      | You fall into a shaft and drop 3 floors!
  8076 | D:11     | Noticed a six-headed hydra
  8081 | D:11     | Noticed a cyan ugly thing
  8103 | D:11     | Slain by a cyan ugly thing

Levels and vault maps discovered:
D:1:      lightli_arrival_noodles, layout_basic, nrook_loot_triangle,
          grunt_decor_arrowhead
D:2:      wander_river, layout_loops_cross, first_ration, minmay_pentomino_pile
D:3:      layout_basic
D:4:      layout_layer_cave, grunt_gozag_statues
D:5:      layout_gridville, grunt_temple_overflow_forces_of_nature,
          solitary_fountain, nicolae_qazlal_general_emergency
D:6:      layout_loops_ring, yredelemnul_altar_generic,
          minmay_temple_entry_antechambers
D:7:      layout_rooms, nicolae_overflow_crystal_walls
D:8:      layout_basic, lemuel_doored_altar
D:9:      layout_roguey, gammafunk_temple_overflow_statue, lair_entry_dummy,
          serial_rivers, chequers_serial_rivers_micro_e,
          chequers_serial_rivers_marsh, chequers_serial_rivers_small_b,
          chequers_serial_rivers_micro_e, chequers_serial_rivers_room_b,
          chequers_serial_rivers_micro_e, blue_anna_alchemist
          [blue_anna_fruit_fields, blue_anna_fruit_fields]
D:11:     layout_roguey, orc_0_dummy
D:12:     layout_roguey, serial_shops, nicolae_shop_waterfront,
          lightli_church_of_beogh
Temple:   regret_index_temple_generic_petals

Skill      XL: |  1  2  3  4  5  6  7  8  9 10 |
---------------+-------------------------------+-----
Shields        | 4 5 6 7 8 |  8.0
Fighting       | 4 5 6 7 |  7.8
Axes           | 3 4 5 6 8 9 10 | 10.0
Armour         | 4 5 6 8 |  8.3
Dodging        | 1 |  1.8
Evocations     | 1 3 |  3.4
Stealth        | 1 |  1.0
Invocations    | 2 3 |  3.1
Throwing       | |  0.1

Action                   |  1- 3 |  4- 6 |  7- 9 | 10-12 || total
-------------------------+-------+-------+-------+-------++-------
Melee: War axe           |    59 |   160 |   472 |    83 ||   774
Throw: Boomerang         |       |       |       |     3 ||     3
Invok: Heroism           |       |       |     2 |     3 ||     5
  Use: Potion            |       |     3 |     8 |     2 ||    13
       Scroll            |       |       |     4 |       ||     4
 Stab: Invisible         |       |       |     7 |       ||     7
  Eat: Chunk             |       |     6 |    16 |     2 ||    24
       Ration            |       |       |     3 |       ||     3
Armor: Scale mail        |    24 |    67 |    26 |       ||   117
       Skin              |       |       |    14 |       ||    14
       Chain mail        |       |       |   261 |    44 ||   305
Dodge: Dodged            |    16 |    50 |   121 |    19 ||   206
Block: Kite shield       |    24 |    99 |   263 |    51 ||   437

Table legend:
 A = Non-vault XP
 B = Vault XP
 C = Vault XP percentage of total XP
 D = Non-vault monster count
 E = Vault monster count
 F = Vault count percentage of total count
                 A         B        C        D         E       F
            +---------+---------+-------+---------+---------+-------
      Total |    5791 |       8 |   0.1 |     202 |       5 |   2.4
            +---------+---------+-------+---------+---------+-------
        D:1 |      19 |       0 |   0.0 |       9 |       0 |   0.0
        D:2 |     285 |       8 |   2.7 |      28 |       5 |  15.2
        D:3 |     285 |       0 |   0.0 |      23 |       0 |   0.0
        D:4 |     672 |       0 |   0.0 |      21 |       0 |   0.0
        D:5 |     354 |       0 |   0.0 |      15 |       0 |   0.0
        D:6 |     819 |       0 |   0.0 |      28 |       0 |   0.0
        D:7 |    1359 |       0 |   0.0 |      33 |       0 |   0.0
        D:8 |     967 |       0 |   0.0 |      19 |       0 |   0.0
        D:9 |    1031 |       0 |   0.0 |      26 |       0 |   0.0
            +---------+---------+-------+---------+---------+-------
